 Dungeon Crawl Stone Soup version 0.27-a0-1200-g94dc6ad4cf (webtiles) character file.

Game seed: 9131965159032549235

67 DasRunzen the Ducker (level 3, 0/29 HPs)
             Began as a Demigod Gladiator on May 31, 2021.
             Slain by Crazy Yiuf
             ... wielding a +4 quarterstaff of chaos
              (2 damage)
             ... on level 2 of the Dungeon.
             The game lasted 00:02:51 (2758 turns).

DasRunzen the Ducker (Demigod Gladiator)            Turns: 2758, Time: 00:02:51

Health: 0/29       AC:  4    Str: 15    XL:     3   Next: 70%
Magic:  7/7        EV: 12    Int: 14    God:
Gold:   21         SH:  0    Dex: 15    Spells: 4/4 levels left

rFire    . . .     SeeInvis .   a - +0 long sword
rCold    . . .     Faith    .   (no shield)
rNeg     . . .     Spirit   .   b - +0 leather armour
rPois    .         Reflect  .   c - +0 helmet
rElec    .         Harm     .   (no cloak)
rCorr    .         Rampage  .   (no gloves)
Will     .....                  (no boots)
Stlth    +.........             (no amulet)
HPRegen  0.09/turn              (no ring)
MPRegen  0.10/turn              (no ring)

@: no status effects
A: high mp 1, forlorn
a: no special abilities


You were on level 2 of the Dungeon.
You visited 1 branch of the dungeon, and saw 2 of its levels.

You collected 21 gold pieces.

Inventory:

Hand Weapons
 a - a +0 long sword (weapon)
Missiles
 d - 3 throwing nets (quivered)
Armour
 b - a +0 leather armour (worn)
 c - a +0 helmet (worn)
Scrolls
 e - a scroll of identify
 h - a scroll of fear {unknown}
 k - a scroll of enchant weapon {unknown}
Potions
 f - a potion of heal wounds
 g - a potion of ambrosia {unknown}
 i - a potion of brilliance {unknown}
 j - a potion of lignification {unknown}


   Skills:
 + Level 2.3 Fighting
 + Level 3.1 Long Blades
 - Level 1.7 Throwing
 + Level 1.2 Armour
 + Level 3.1 Dodging
 + Level 1.1 Spellcasting


You had 4 spell levels left.
You didn't know any spells.
Your spell library was empty.

Dungeon Overview and Level Annotations

Branches:
Dungeon (2/15)

Shops:
D:1 [

Annotations:
D:2 Crazy Yiuf


Innate Abilities, Weirdness & Mutations

Your attributes grow dramatically as you level up.
You have an increased reservoir of magic. (+10% MP)
You shall have no god before yourself.


Message History

You kill the goblin!
No target in view!
No target in view!
You see here a +0 club.
A ball python comes into view.
A ball python is nearby!
The ball python hisses angrily.
The ball python closely misses you. The ball python barely misses you.
You barely miss the ball python. The ball python barely misses you.
You riposte.
You hit the ball python.
You kill the ball python!
No target in view!
No target in view!
You see here a ball python corpse.
Found a whip.
You see here a +0 whip.
You see here a ball python corpse.
There is a stone staircase leading down here.
Things that are here:
a +0 short sword; a stone You see here a +0 mace.
You see here a +0 mace.
You see here a +0 mace.
Crazy Yiuf says, "Crazy?
Crazy!?
PORCUPINE!"
You open the door. You hit Crazy Yiuf but do no damage.
Crazy Yiuf barely misses you.
You riposte.
You barely miss Crazy Yiuf. You closely miss Crazy Yiuf.
Crazy Yiuf grits, "Snurf!"
Crazy Yiuf hits you with a +4 quarterstaff of chaos!
Ouch! That really hurt!
You slash Crazy Yiuf!
Crazy Yiuf is heavily wounded.
Crazy Yiuf misses you.
You hit Crazy Yiuf.
Crazy Yiuf is severely wounded.
Crazy Yiuf hits you with a +4 quarterstaff of chaos!
* * * LOW HITPOINT WARNING * * *
Crazy Yiuf freezes you.
You die...

#..##.........#
#############.#
#.# ##### #.#
#..)# #.# #...#
#.# ... #.# #g#
######.## ##@#
#.......# #.##
#.......####
##.#
######......
#.## #.#####
##.## #.#
#.#)## #.#
#))))# #.#
#))))# #.#####
##..## #.#...#


You could see Crazy Yiuf.

Vanquished Creatures
  2 adders (D:2)
  2 worms (D:2)
  A dart slug (D:2)
  A bat (D:2)
  7 endoplasms
  2 goblins
  2 hobgoblins
  2 jackals (D:2)
  A quokka (D:1)
  6 ball pythons
  2 frilled lizards
  8 kobolds
  3 rats (D:2)
39 creatures vanquished.

Vanquished Creatures (others)
  A plant (D:1)
1 creature vanquished.

Grand Total: 40 creatures vanquished

Notes
Turn   | Place    | Note
-------+----------+-------------------------------------------
     0 | D:1      | DasRunzen the Demigod Gladiator began the quest for the
                  | Orb.
     0 | D:1      | Reached XP level 1. HP: 17/17 MP: 3/3
   277 | D:1      | Reached XP level 2. HP: 24/24 MP: 4/4
   506 | D:1      | Found Sidipn's Armour Boutique.
  1283 | D:2      | Found a runed translucent door.
  1284 | D:2      | Noticed Crazy Yiuf
  1535 | D:2      | Reached XP level 3. HP: 25/29 MP: 6/6
  1547 | D:2      | Reached skill level 1 in Armour
  1991 | D:2      | Reached skill level 1 in Spellcasting
  2758 | D:2      | Slain by Crazy Yiuf

Illustrated notes

Levels and vault maps discovered:
D:1:      lightli_arrival_farm, layout_basic, serial_bayou,
          serial_bayou_shore_b, serial_bayou_shore_a, serial_bayou_crossing,
          serial_bayou_pond_b, serial_shops, shop, glass_columns_a
D:2:      layout_loops_ring, corexii_item_surrounded_by_moat,
          uniq_crazy_yiuf_cottage

Skill      XL: |  1  2  3 |
---------------+----------+-----
Fighting       | 2 |  2.3
Long Blades    | 3 |  3.1
Dodging        | 3 |  3.1
Armour         | 1 |  1.2
Spellcasting   | 1 |  1.1
Throwing       | |  1.7

Action                   || total
-------------------------++-------
Melee: Long sword        ||    91
  Use: Scroll            ||     4
 Stab: Sleeping          ||     3
Armor: Leather armour    ||    21
Dodge: Dodged            ||    76
       Rpst.: Long sword ||    26

Table legend: (Time is in decaauts)
 A = Elapsed time spent in this place.
 B = Non-inter-level travel time spent in this place.
 C = Inter-level travel time spent in this place.
 D = Time resting spent in this place.
 E = Time spent auto-exploring this place.
 F = Levels seen in this place.
 G = Mean time per level.
                   A        B        C        D        E       F      G
               +--------+--------+--------+--------+--------+-----+--------+
         Total |   2840 |   2803 |     37 |    275 |   2221 |   2 | 1420.0 |
       Dungeon |   2840 |   2803 |     37 |    275 |   2221 |   2 | 1420.0 |
               +--------+--------+--------+--------+--------+-----+--------+

Top non-repeatable levels by time:
     D:1: 1484 daAuts
     D:2: 1355 daAuts
